 Dungeon Crawl Stone Soup version 0.29-a0-393-g47a863cc1b (webtiles) character file.

Game seed: 14645025322426644288

63 pyrow613 the Conjurer (level 3, -2/28 HPs)
             Began as a Demigod Conjurer on May 9, 2022.
             Killed from afar by Sigmund (8 damage)
             ... with a magic dart
             ... on level 2 of the Dungeon.
             The game lasted 00:05:49 (1863 turns).

pyrow613 the Conjurer (Demigod Conjurer)            Turns: 1863, Time: 00:05:50

Health: -2/28      AC:  3    Str:  8    XL:     3   Next: 63%
Magic:  9/9        EV: 12    Int: 24    God:
Gold:   70         SH:  0    Dex: 12    Spells: 3/6 levels left

rFire   . . .      SeeInvis .   r - +1 whip (elec)
rCold   . . .      Faith    .   (no shield)
rNeg    . . .      Spirit   .   a - +0 robe
rPois   .          Reflect  .   k - +0 helmet
rElec   .          Harm     .   h - scarf {+Inv}
rCorr   .          Rampage  .   (no gloves)
Will    .....                   (no boots)
Stlth   +.........              (no amulet)
HPRegen 0.09/turn               (no ring)
MPRegen 0.11/turn               (no ring)

@: confused
A: high MP 1, forlorn, divine attributes
a: Evoke Invisibility


You were on level 2 of the Dungeon.
You visited 1 branch of the dungeon, and saw 2 of its levels.

You collected 70 gold pieces.

Inventory:

Hand Weapons
 r - a +1 whip of electrocution (weapon)
Armour
 a - a +0 robe (worn)
 h - a scarf of invisibility (worn)
 k - a +0 helmet (worn)
Scrolls
 c - 2 scrolls of teleportation {unknown}
 g - 4 scrolls of identify {unknown}
 i - 2 scrolls of enchant armour {unknown}
 j - a scroll of poison {unknown}
 l - a scroll of noise {unknown}
 m - a scroll of amnesia {unknown}
 q - a scroll of immolation {unknown}
Potions
 d - a potion of mutation {unknown}
 f - a potion of heal wounds {unknown}
 n - a potion of attraction {unknown}
 o - 2 potions of haste {unknown}
 p - a potion of curing {unknown}


   Skills:
 + Level 1.0 Fighting
 + Level 2.3 Dodging
 + Level 2.4 Stealth
 + Level 2.2 Spellcasting
 + Level 3.9 Conjurations


You had 3 spell levels left.
You knew the following spells:

 Your Spells              Type           Power      Damage    Failure   Level
a - Magic Dart            Conj           84%        1d7       2%          1
b - Searing Ray           Conj           42%        2d6       3%          2

Your spell library contained the following spells:

 Spells                   Type           Power      Damage    Failure   Level
 Dazzling Flash           Conj/Hex       24%        N/A       16%         3
 Fulminant Prism          Conj/Hex       6%         3d7       45%         4
 Iskenderun's Mystic Bla  Conj/Tloc      12%        2d5       45%         4


Dungeon Overview and Level Annotations

Branches:
Dungeon (2/15)

Annotations:
D:2 Robin, Sigmund


Innate Abilities, Weirdness & Mutations

You have an increased reservoir of magic. (+10% MP)
You shall have no god before yourself.
Your divine heritage dramatically boosts your attributes as you level up.


Message History

Something hits you.
Casting: Searing Ray (safe; 3% risk of failure)
Confirm with . or Enter, or press ? or * to list all spells.
You can't see any susceptible monsters within range! (Use Z to cast anyway.)
Casting: Searing Ray (safe; 3% risk of failure)
Confirm with . or Enter, or press ? or * to list all spells.
Aiming: Searing Ray (safe; 3% risk of failure)
Press: ? - help, Shift-Dir - straight line, f - you That beam is likely to hit you.
Continue anyway?
Okay, then.
Unknown command.
Casting: Searing Ray (safe; 3% risk of failure)
Confirm with . or Enter, or press ? or * to list all spells.
Aiming: Searing Ray (safe; 3% risk of failure)
Press: ? - help, Shift-Dir - straight line The searing ray hits something! (Press . to maintain the ray.)
You hear some strange, mumbled words.
A puff of flame appears from out of thin air!
The puff of flame misses you. Something hits you.
Unknown command.
The searing ray hits something.
Magic courses through your body.
You hear some strange, mumbled words.
You are confused.
Robin of the Strong Arm comes into view.
They are wielding a +4 vorpal spear.
You hear some strange, mumbled words.
A puff of flame appears from out of thin air!
The puff of flame hits you.
Robin says, "Bow before me, strongest of all the hobgoblins!"
You hear some strange, mumbled words.
A puff of flame appears from out of thin air!
The puff of flame hits you!
* * * LOW HITPOINT WARNING * * *
You bump into the rock wall.
You hear some strange, mumbled words.
A magic dart appears from out of thin air!
The magic dart hits you!
You die...

#.#.# ##..# #.#.#
##...# #.#.#
##.#..# #.#.#
##.##..##
###.#.####.##....#
#...#....†.......#
#.....###...#.#
#$..{g# #..#..
#.#@#.# #..#### ..
#)#... .# #..
#.#.### # #. #!#.#
# #.#.# ....# ...
...


You could see Robin.

Vanquished Creatures
  3 adders (D:2)
  2 bats
  4 endoplasms
  3 giant cockroaches (D:1)
  A goblin (D:1)
  9 hobgoblins
  A quokka (D:2)
  2 ball pythons
  A frilled lizard (D:1)
  4 kobolds
  2 rats (D:1)
32 creatures vanquished.

Notes
Turn   | Place    | Note
-------+----------+-------------------------------------------
     0 | D:1      | pyrow613 the Demigod Conjurer began the quest for the Orb.
     0 | D:1      | Reached XP level 1. HP: 14/14 MP: 5/5
   326 | D:1      | Reached XP level 2. HP: 20/20 MP: 4/7
   363 | D:1      | Learned a level 2 spell: Searing Ray
  1555 | D:2      | Reached XP level 3. HP: 27/27 MP: 5/8
  1591 | D:2      | Reached skill level 1 in Fighting
  1851 | D:2      | Noticed Sigmund
  1859 | D:2      | Noticed Robin
  1863 | D:2      | Killed from afar by Sigmund

Illustrated notes

Levels and vault maps discovered:
D:1:      roderic_crop_circles_arrival_small, layout_loops_ring, st_stairs_6,
          amethyst_killhole
D:2:      layout_loops_ring, basic_altar, grunt_ministairs_1,
          minmay_pentomino_o2, uniq_sigmund, uniq_robin

Skill      XL: |  1  2  3 |
---------------+----------+-----
Stealth        | 2 |  2.4
Dodging        | 2 |  2.3
Spellcasting   | 2 |  2.2
Fighting       | 1 |  1.0
Conjurations   | |  3.9

Action                   || total
-------------------------++-------
Melee: Whip              ||     1
 Cast: Magic Dart        ||    62
       Searing Ray       ||     5
  Use: Potion            ||     1
Dodge: Dodged            ||     4

Table legend: (Time is in decaauts)
 A = Elapsed time spent in this place.
 B = Non-inter-level travel time spent in this place.
 C = Inter-level travel time spent in this place.
 D = Time resting spent in this place.
 E = Time spent auto-exploring this place.
 F = Levels seen in this place.
 G = Mean time per level.
                   A        B        C        D        E       F      G
               +--------+--------+--------+--------+--------+-----+--------+
         Total |   1861 |   1829 |     32 |    193 |   1427 |   2 |  930.5 |
       Dungeon |   1861 |   1829 |     32 |    193 |   1427 |   2 |  930.5 |
               +--------+--------+--------+--------+--------+-----+--------+

Top non-repeatable levels by time:
     D:1: 1119 daAuts
     D:2: 742 daAuts
